 Dungeon Crawl Stone Soup version 0.29-a0-923-g6e406bff71 (webtiles) character file.

Game seed: 17708970606009706412

45 Malachi the Chopper (level 3, -1/29 HPs)
             Began as a Demonspawn Abyssal Knight on July 28, 2022.
             Was a Priest of Lugonu.
             Slain by an orc
             ... wielding a +0 flail
              (8 damage)
             ... on level 2 of the Dungeon.
             The game lasted 00:01:14 (1197 turns).

Malachi the Chopper (Demonspawn Abyssal Knight)     Turns: 1197, Time: 00:01:16

Health: -1/29      AC:  3    Str: 15    XL:     3   Next: 42%
Magic:  4/4        EV: 11    Int: 11    God:    Lugonu [***...]
Gold:   64         SH:  0    Dex: 13    Spells: 2/2 levels left

rFire   . . .      SeeInvis .   a - +1 hand axe
rCold   . . .      Faith    .   (no shield)
rNeg    . . .      Spirit   .   b - +0 leather armour
rPois   .          Reflect  .   (helmet restricted)
rElec   .          Harm     .   (no cloak)
rCorr   .          Rampage  .   (no gloves)
Will    .....                   (no boots)
Stlth   +.........              (no amulet)
HPRegen 0.09/turn               (no ring)
MPRegen 0.18/turn               (no ring)

@: no status effects
A: antennae 1, magic regeneration
a: Renounce Religion, Depart the Abyss, Bend Space, Banish


You were on level 2 of the Dungeon.
You worshipped Lugonu.
Lugonu was most pleased with you.
You visited 1 branch of the dungeon, and saw 2 of its levels.
You visited the Abyss 1 time.

You collected 64 gold pieces.

Inventory:

Hand Weapons
 a - a +1 hand axe (weapon)
Armour
 b - a +0 leather armour (worn)
Scrolls
 c - a scroll of silence {unknown}
 d - a scroll of teleportation {unknown}
 g - a scroll of immolation {unknown}
 h - a scroll of magic mapping {unknown}
Potions
 e - a potion of heal wounds {unknown}
 f - 2 potions of curing {unknown}


   Skills:
 - Level 3.0 Fighting
 + Level 3.4 Axes
 - Level 1.8 Armour
 - Level 1.0 Dodging
 - Level 2.5 Invocations


You had 2 spell levels left.
You didn't know any spells.
Your spell library was empty.

Dungeon Overview and Level Annotations

Branches:
Dungeon (2/15)

Altars:


Innate Abilities, Weirdness & Mutations

You have a pair of small antennae on your head.
You regenerate magic rapidly.


Message History

The adder barely misses you.
You slash the adder!
You kill the adder!
Lugonu accepts your kill.
No target in view!
No target in view!
No target in view!
No target in view!
No target in view!
HP restored.
An orc priest and 2 orcs come into view.
Found 13 gold pieces.
The orc priest shouts!
The orc shouts!
An orc comes into view. It is wielding a +0 mace.
The orc priest moves out of view.
The orc moves out of view.
There are monsters nearby!
There are monsters nearby!
No reachable target in view!
There are monsters nearby!
No reachable target in view!
There are monsters nearby!
An orc comes into view. It is wielding a +0 flail.
Found 14 gold pieces.
The orc shouts!
You hear a shout!
There are monsters nearby!
There are monsters nearby!
There are monsters nearby!
The orc closely misses you.
You barely miss the orc. You hit the orc but do no damage. x2
The orc closely misses you. The orc barely misses you. The orc misses you.
You barely miss the orc. You hit the orc but do no damage. You hit the orc.
The orc hits you with a +0 flail. The orc hits you with a +0 mace.
The orc hits you with a +0 flail.
You hit the orc.
The orc is moderately wounded.
You hit the orc. You hit the orc but do no damage. The orc barely misses you.
The orc hits you with a +0 mace. The orc hits you with a +0 flail!
* * * LOW HITPOINT WARNING * * *
The orc hits you with a +0 flail!
You die...

...#.......#.# .o..#
.........#.#.#.......#
..†......+ #.#.≈...≈.#
.........###.#.......#
.........+...#.......#
.........###.#.......#
.........# #.#.≈...≈.#
(........###.#.ooo...#.#
................@......#
.........##........#####
## ##########


You could see 3 orcs.

Vanquished Creatures
  An adder (D:2)
  4 ball pythons (D:1)
  4 bats (D:1)
  An endoplasm (D:1)
  5 giant cockroaches (D:1)
  2 goblins (D:1)
  2 hobgoblins (D:1)
  4 kobolds (D:1)
  2 quokkas (D:1)
  4 frilled lizards
  3 rats (D:1)
32 creatures vanquished.

Vanquished Creatures (others)
  A plant (D:1)
1 creature vanquished.

Grand Total: 33 creatures vanquished

Notes
Turn   | Place    | Note
-------+----------+-------------------------------------------
     0 | Abyss:1  | Malachi the Demonspawn Abyssal Knight began the quest for
                  | the Orb.
     0 | Abyss:1  | Reached XP level 1. HP: 18/18 MP: 2/2
     1 | D:1      | Escaped the Abyss
    50 | D:1      | Reached skill level 1 in Dodging
   179 | D:1      | Gained mutation: You regenerate magic rapidly. [demonic
                  | ancestry]
   179 | D:1      | Reached XP level 2. HP: 18/24 MP: 3/3
   430 | D:1      | Found a faded altar of an unknown god.
   620 | D:1      | Reached *** piety under Lugonu
   624 | D:1      | Gained mutation: You have a pair of small antennae on your
                  | head. [demonic ancestry]
   624 | D:1      | Reached XP level 3. HP: 26/29 MP: 4/4
  1197 | D:2      | Slain by an orc

Illustrated notes

Levels and vault maps discovered:
D:1:      scummos_arrival_gate, layout_basic, serial_forest,
          infiniplex_forest_lined_2, infiniplex_forest_straight_4,
          infiniplex_forest_lined_3, infiniplex_forest_clump_curved,
          infiniplex_forest_straight_2, infiniplex_forest_end_3,
          infiniplex_forest_straight_2, shapermc_ecumenical_altar_notcrosses,
          serial_park_tiny_2, kennysheep_minor_cross
D:2:      cheibrodos_pilgrimage, layout_basic, basic_altar

Skill      XL: |  1  2 |
---------------+-------+-----
Dodging        | 1 |  1.0
Axes           | 2 3 |  3.4
Fighting       | |  3.0
Armour         | |  1.8
Invocations    | |  2.5

Action                   || total
-------------------------++-------
Melee: Hand axe          ||   103
       Punch             ||     3
Armor: Leather armour    ||    31
Dodge: Dodged            ||    82

Table legend: (Time is in decaauts)
 A = Elapsed time spent in this place.
 B = Non-inter-level travel time spent in this place.
 C = Inter-level travel time spent in this place.
 D = Time resting spent in this place.
 E = Time spent auto-exploring this place.
 F = Levels seen in this place.
 G = Mean time per level.
                   A        B        C        D        E       F      G
               +--------+--------+--------+--------+--------+-----+--------+
         Total |   1214 |   1195 |     19 |      0 |    975 |   3 |  404.7 |
       Dungeon |   1213 |   1194 |     19 |      0 |    975 |   2 |  606.5 |
         Abyss |      1 |      1 |      0 |      0 |      0 |   1 |    1.0 |
               +--------+--------+--------+--------+--------+-----+--------+

Top non-repeatable levels by time:
     D:1: 1097 daAuts
     D:2: 115 daAuts
 Abyss:1: 1 daAuts
